PBL
AMARILLO THUNDERHEADS @ CALGARY FLAMES
09/06/2045
 
TOP OF THE 1ST
Amarillo ThunderHeads batting - Pitching for Calgary Flames : RHP Alberto Cuevas
Pitching: RHP Alberto Cuevas
Batting: SHB Zack Barton 0-0: Called Strike
0-1: Foul Ball, location: 2F
0-2: Foul Ball, location: 2F
0-2: Ball
1-2: SINGLE (Groundball, 34S, EV 71.2 MPH) (infield hit)
Batting: LHB Santino Pisanello 0-0: Called Strike
0-1: Foul Ball, location: 2F
0-2: Ball
Zack Barton steals 2nd base
1-2: Ball
2-2: Ball
3-2: SINGLE (Groundball, 6MD, EV 91.9 MPH) (infield hit)
Zack Barton to third
Batting: RHB Jerry Foster 0-0: Foul Ball, location: 2F
0-1: Ball
1-1: Swinging Strike
1-2: Strikes out looking
Batting: RHB Bill Flannery 0-0: Grounds into double play, 4-6-3 (Groundball, 4, EV 104.4 MPH)
Top of the 1st over - 0 runs, 2 hits, 0 errors, 1 left on base; Amarillo 0 - Calgary 0
BOTTOM OF THE 1ST
Calgary Flames batting - Pitching for Amarillo ThunderHeads : RHP Jose Vela
Pitching: RHP Jose Vela
Batting: RHB Elias Vences 0-0: Ball
1-0: Foul Ball, location: 2F
1-1: Ball
2-1: Foul Ball, location: 2F
2-2: Ball
3-2: Strikes out swinging
Batting: RHB Adrian Cook 0-0: Fly out, F2 (Popup, 23F, EV 85.6 MPH)
Batting: RHB Eric McMillian 0-0: Called Strike
0-1: Foul Ball, location: 2F
0-2: Ground out 2-3 (Groundball, 2R, EV 71.2 MPH)
Bottom of the 1st over - 0 runs, 0 hits, 0 errors, 0 left on base; Amarillo 0 - Calgary 0
TOP OF THE 2ND
Amarillo ThunderHeads batting - Pitching for Calgary Flames : RHP Alberto Cuevas
Batting: RHB Elias Sagrero 0-0: Called Strike
0-1: Swinging Strike
0-2: Ball
1-2: Ball
2-2: Strikes out swinging
Batting: RHB Sal Cervantes 0-0: Called Strike
0-1: Ball
1-1: Ball
2-1: Called Strike
2-2: Ball
3-2: Strikes out looking
Batting: RHB Eric Juarez 0-0: Ball
1-0: Ball
2-0: Called Strike
2-1: Ball
3-1: Base on Balls
Batting: RHB Jose Barboza 0-0: Ball
1-0: Swinging Strike
1-1: Ball
2-1: Swinging Strike
2-2: Foul Ball, location: 2F
2-2: Fly out, F8 (Line Drive, 8LM, EV 95.6 MPH)
Top of the 2nd over - 0 runs, 0 hits, 0 errors, 1 left on base; Amarillo 0 - Calgary 0
BOTTOM OF THE 2ND
Calgary Flames batting - Pitching for Amarillo ThunderHeads : RHP Jose Vela
Batting: LHB Carlos Cuellar 0-0: Ball
1-0: Ball
2-0: Called Strike
2-1: Called Strike
2-2: Ball
3-2: Strikes out swinging
Batting: RHB Brian DeVoe 0-0: Called Strike
0-1: Ball
1-1: Ball
2-1: Swinging Strike
2-2: Strikes out swinging
Batting: RHB Kevin Davis 0-0: Swinging Strike
0-1: Foul Ball, location: 2F
0-2: Fly out, F7 (Line Drive, 7, EV 94.4 MPH)
Bottom of the 2nd over - 0 runs, 0 hits, 0 errors, 0 left on base; Amarillo 0 - Calgary 0
TOP OF THE 3RD
Amarillo ThunderHeads batting - Pitching for Calgary Flames : RHP Alberto Cuevas
Batting: SHB Tyler Romo 0-0: Ground out 5-3 (Groundball, 56, EV 105.6 MPH)
Batting: SHB Zack Barton 0-0: Called Strike
0-1: Ground out U3 (Groundball, 3L, EV 91.2 MPH)
Batting: LHB Santino Pisanello 0-0: Called Strike
0-1: Called Strike
0-2: Strikes out swinging
Top of the 3rd over - 0 runs, 0 hits, 0 errors, 0 left on base; Amarillo 0 - Calgary 0
BOTTOM OF THE 3RD
Calgary Flames batting - Pitching for Amarillo ThunderHeads : RHP Jose Vela
Batting: LHB Dean Luttman 0-0: Called Strike
0-1: Foul Ball, location: 2F
0-2: Ball
1-2: Strikes out swinging
Batting: LHB Justin Daley 0-0: Foul Ball, location: 2F
0-1: Ball
1-1: Ball
2-1: Ground out 1-3 (Groundball, 13S, EV 65.0 MPH)
Batting: RHB Alex Collazo 0-0: Called Strike
0-1: Swinging Strike
0-2: Foul Ball, location: 2F
0-2: Ball
1-2: Ball
2-2: Ground out 5-3 (Groundball, 56, EV 80.6 MPH)
Bottom of the 3rd over - 0 runs, 0 hits, 0 errors, 0 left on base; Amarillo 0 - Calgary 0
TOP OF THE 4TH
Amarillo ThunderHeads batting - Pitching for Calgary Flames : RHP Alberto Cuevas
Batting: RHB Jerry Foster 0-0: Swinging Strike
0-1: Foul Ball, location: 2F
0-2: Strikes out looking
Batting: RHB Bill Flannery 0-0: Foul Ball, location: 2F
0-1: Called Strike
0-2: Ball
1-2: Ball
2-2: Foul Ball, location: 2F
2-2: Foul Ball, location: 2F
2-2: Foul Ball, location: 2F
2-2: Strikes out swinging
Batting: RHB Elias Sagrero 0-0: Called Strike
0-1: Foul Ball, location: 2F
0-2: Ball
1-2: Hit by Pitch
Batting: RHB Sal Cervantes 0-0: Fielders Choice at 2nd, 6-4 (Groundball, 6, EV 101.2 MPH)
Top of the 4th over - 0 runs, 0 hits, 0 errors, 1 left on base; Amarillo 0 - Calgary 0
BOTTOM OF THE 4TH
Calgary Flames batting - Pitching for Amarillo ThunderHeads : RHP Jose Vela
Batting: RHB Elias Vences 0-0: Foul Ball, location: 2F
0-1: Ball
1-1: Foul Ball, location: 2F
1-2: Ball
2-2: SINGLE (Groundball, 5S, EV 69.4 MPH) (infield hit)
Batting: RHB Adrian Cook 0-0: Ball
1-0: Ball
2-0: Called Strike
2-1: Ball
3-1: Fly out, F9 (Flyball, 9S, EV 91.2 MPH)
Batting: RHB Eric McMillian 0-0: Foul Ball, location: 2F
0-1: Ball
1-1: Ball
2-1: 2-RUN HOME RUN (Flyball, 7D, EV 103.1 MPH), Distance : 406 ft
Batting: LHB Carlos Cuellar 0-0: Fly out, F9 (Flyball, 9D, EV 88.8 MPH)
Batting: RHB Brian DeVoe 0-0: Called Strike
0-1: DOUBLE (Line Drive, 9LS, EV 109.4 MPH)
Batting: RHB Kevin Davis 0-0: Ball
1-0: Foul Ball, location: 2F
1-1: Ground out 1-3 (Groundball, 13S, EV 71.2 MPH)
Bottom of the 4th over - 2 runs, 3 hits, 0 errors, 1 left on base; Amarillo 0 - Calgary 2
TOP OF THE 5TH
Amarillo ThunderHeads batting - Pitching for Calgary Flames : RHP Alberto Cuevas
Batting: RHB Eric Juarez 0-0: Ground out 5-3 (Groundball, 56S, EV 73.8 MPH)
Batting: RHB Jose Barboza 0-0: Called Strike
0-1: Ball
1-1: Called Strike
1-2: Strikes out swinging
Batting: SHB Tyler Romo 0-0: Called Strike
0-1: Ball
1-1: Ground out 6-3 (Groundball, 6, EV 95.0 MPH)
Top of the 5th over - 0 runs, 0 hits, 0 errors, 0 left on base; Amarillo 0 - Calgary 2
BOTTOM OF THE 5TH
Calgary Flames batting - Pitching for Amarillo ThunderHeads : RHP Jose Vela
Batting: LHB Dean Luttman 0-0: Fly out, F9 (Flyball, 89S, EV 94.4 MPH)
Batting: LHB Justin Daley 0-0: Swinging Strike
0-1: Ball
1-1: Swinging Strike
1-2: Foul Ball, location: 2F
1-2: Strikes out looking
Batting: RHB Alex Collazo 0-0: Called Strike
0-1: Foul Ball, location: 2F
0-2: Ball
1-2: Ball
2-2: Foul Ball, location: 2F
2-2: Strikes out swinging
Bottom of the 5th over - 0 runs, 0 hits, 0 errors, 0 left on base; Amarillo 0 - Calgary 2
TOP OF THE 6TH
Amarillo ThunderHeads batting - Pitching for Calgary Flames : RHP Alberto Cuevas
Batting: SHB Zack Barton 0-0: Called Strike
0-1: SINGLE (Line Drive, 78M, EV 95.0 MPH)
Batting: LHB Santino Pisanello 0-0: Ball
1-0: Ball
2-0: Ball
Passed Ball!
Zack Barton to second
3-0: Called Strike
3-1: Foul Ball, location: 2F
3-2: Foul Ball, location: 2F
3-2: SINGLE (Line Drive, 56, EV 109.4 MPH)
Zack Barton to third
Throwing error, E7
Zack Barton scores
Santino Pisanello to second
Pitching: RHP Brice MacKenzie
Batting: RHB Jerry Foster 0-0: Called Strike
0-1: Ball
1-1: TRIPLE (Line Drive, 78XD, EV 108.8 MPH)
Santino Pisanello scores
Batting: RHB Bill Flannery 0-0: Ball
1-0: Ball
2-0: Called Strike
2-1: SINGLE (Groundball, 56D, EV 105.0 MPH)
Jerry Foster scores
Batting: RHB Elias Sagrero 0-0: Fielders Choice at 2nd, 5-4 (Groundball, 56, EV 107.5 MPH)
Batting: RHB Sal Cervantes 0-0: Foul Ball, location: 2F
0-1: Ground out 3-1 (Groundball, 34S, EV 84.4 MPH)
Elias Sagrero to second
Batting: RHB Eric Juarez 0-0: Ball
1-0: Foul Ball, location: 2F
1-1: Ground out 6-3 (Groundball, 6, EV 85.0 MPH)
Top of the 6th over - 3 runs, 4 hits, 1 error, 1 left on base; Amarillo 3 - Calgary 2
BOTTOM OF THE 6TH
Calgary Flames batting - Pitching for Amarillo ThunderHeads : RHP Jose Vela
Batting: RHB Elias Vences 0-0: Ball
1-0: Ball
2-0: Foul Ball, location: 2F
2-1: Foul Ball, location: 2F
2-2: Fly out, F8 (Flyball, 8RXD, EV 93.8 MPH)
Batting: RHB Adrian Cook 0-0: Called Strike
0-1: Called Strike
0-2: Strikes out swinging
Batting: RHB Eric McMillian 0-0: Ball
1-0: Called Strike
1-1: Ball
2-1: SINGLE (Flyball, 4D, EV 86.9 MPH)
Batting: LHB Carlos Cuellar 0-0: Fly out, F6 (Popup, 6MD, EV 63.1 MPH)
Bottom of the 6th over - 0 runs, 1 hit, 0 errors, 1 left on base; Amarillo 3 - Calgary 2
TOP OF THE 7TH
Amarillo ThunderHeads batting - Pitching for Calgary Flames : RHP Brice MacKenzie
Pitching: LHP Bill Hussey
Batting: RHB Jose Barboza 0-0: Swinging Strike
0-1: Ball
1-1: Ball
2-1: Called Strike
2-2: Strikes out looking
Batting: SHB Tyler Romo 0-0: Ball
1-0: Foul Ball, location: 2F
1-1: Foul Ball, location: 2F
1-2: Foul Ball, location: 2F
1-2: Foul Ball, location: 2F
1-2: Strikes out swinging
Batting: SHB Zack Barton 0-0: Swinging Strike
0-1: Ground out 4-3 (Groundball, 4, EV 84.4 MPH)
Top of the 7th over - 0 runs, 0 hits, 0 errors, 0 left on base; Amarillo 3 - Calgary 2
BOTTOM OF THE 7TH
Calgary Flames batting - Pitching for Amarillo ThunderHeads : RHP Jose Vela
Batting: RHB Brian DeVoe 0-0: Ball
1-0: Called Strike
1-1: Foul Ball, location: 2F
1-2: Ground out U3 (Groundball, 34, EV 85.0 MPH)
Batting: RHB Kevin Davis 0-0: Ball
1-0: Fly out, F8 (Flyball, 89D, EV 101.9 MPH)
Batting: LHB Dean Luttman 0-0: SINGLE (Groundball, 4MD, EV 100.6 MPH)
Batting: LHB Justin Daley 0-0: Called Strike
0-1: Ground out 4-3 (Groundball, 34, EV 90.6 MPH)
Bottom of the 7th over - 0 runs, 1 hit, 0 errors, 1 left on base; Amarillo 3 - Calgary 2
TOP OF THE 8TH
Amarillo ThunderHeads batting - Pitching for Calgary Flames : LHP Bill Hussey
Pitching: LHP Ricardo de la Torre
Batting: LHB Santino Pisanello 0-0: Ball
1-0: Ball
2-0: Swinging Strike
2-1: Foul Ball, location: 2F
2-2: Strikes out swinging
Batting: RHB Jerry Foster 0-0: Called Strike
0-1: Ball
1-1: Ball
2-1: Fly out, F7 (Flyball, 7D, EV 106.9 MPH)
Batting: RHB Bill Flannery 0-0: Called Strike
0-1: Fly out, F9 (Line Drive, 9D, EV 96.2 MPH)
Top of the 8th over - 0 runs, 0 hits, 0 errors, 0 left on base; Amarillo 3 - Calgary 2
BOTTOM OF THE 8TH
Calgary Flames batting - Pitching for Amarillo ThunderHeads : RHP Jose Vela
Batting: RHB Alex Collazo 0-0: Foul Ball, location: 2F
0-1: Swinging Strike
0-2: Foul Ball, location: 2F
0-2: Ball
1-2: Fly out, F9 (Flyball, 89S, EV 95.6 MPH)
Batting: RHB Elias Vences 0-0: Ball
1-0: Foul Ball, location: 2F
1-1: Ball
2-1: Foul Ball, location: 2F
2-2: Ball
3-2: Ground out 4-3 (Groundball, 4, EV 102.5 MPH)
Batting: RHB Adrian Cook 0-0: Ball
1-0: Ball
2-0: Ball
3-0: Called Strike
3-1: Foul Ball, location: 2F
3-2: Base on Balls
Pitching: LHP Pat Mena
Batting: RHB Eric McMillian 0-0: Called Strike
0-1: Ball
1-1: Ball
2-1: Ball
3-1: Foul Ball, location: 2F
3-2: SINGLE (Line Drive, 7S, EV 88.8 MPH)
Adrian Cook to second
Adrian Cook to third
Batting: LHB Carlos Cuellar 0-0: Swinging Strike
0-1: Foul Ball, location: 2F
0-2: Ball
Wild Pitch!
Adrian Cook scores
Eric McMillian to second
1-2: Ball
2-2: Strikes out swinging
Bottom of the 8th over - 1 run, 1 hit, 0 errors, 1 left on base; Amarillo 3 - Calgary 3
TOP OF THE 9TH
Amarillo ThunderHeads batting - Pitching for Calgary Flames : LHP Ricardo de la Torre
Pitching: LHP Manny Santiago
Batting: RHB Elias Sagrero 0-0: Ground out 5-3 (Groundball, 5S, EV 71.2 MPH)
Batting: RHB Sal Cervantes 0-0: Foul Ball, location: 2F
0-1: Ground out 6-3 (Groundball, 6, EV 97.5 MPH)
Batting: RHB Eric Juarez 0-0: Ground out 5-3 (Groundball, 56, EV 77.5 MPH)
Top of the 9th over - 0 runs, 0 hits, 0 errors, 0 left on base; Amarillo 3 - Calgary 3
BOTTOM OF THE 9TH
Calgary Flames batting - Pitching for Amarillo ThunderHeads : LHP Pat Mena
Batting: RHB Brian DeVoe 0-0: DOUBLE (Flyball, 78XD, EV 97.5 MPH)
Batting: RHB Kevin Davis 0-0: Intentional Walk
Batting: LHB Dean Luttman 0-0: Bunted foul
0-1: Ball
1-1: Bunted foul
1-2: Fly out, F9 (Flyball, 9LD, EV 101.2 MPH)
Batting: RHB Ryan Tatum 0-0: Foul Ball, location: 2F
0-1: Swinging Strike
0-2: Ball
1-2: Foul Ball, location: 2F
1-2: Ball
Wild Pitch!
Brian DeVoe to third
Kevin Davis to second
2-2: Foul Ball, location: 2F
2-2: Fielders Choice at home, 5-2 (Groundball, 56S, EV 63.1 MPH)
Kevin Davis to third
Batting: RHB Alex Collazo 0-0: Ball
1-0: Called Strike
1-1: Fly out, F9 (Flyball, 9LS, EV 89.4 MPH)
Bottom of the 9th over - 0 runs, 1 hit, 0 errors, 2 left on base; Amarillo 3 - Calgary 3
TOP OF THE 10TH
Amarillo ThunderHeads batting - Pitching for Calgary Flames : LHP Manny Santiago
Batting: RHB Jose Barboza 0-0: Ball
1-0: Ball
2-0: Foul Ball, location: 2F
2-1: Called Strike
2-2: Foul Ball, location: 2F
2-2: Ground out 5-3 (Groundball, 56S, EV 81.2 MPH)
Pinch Hitting: RHB Sam Voss 0-0: SINGLE (Line Drive, 4D, EV 100.0 MPH)
Batting: SHB Zack Barton 0-0: Called Strike
Sam Voss steals 2nd base (no throw)
0-1: Reached on error, E6 (Groundball, 6, EV 84.4 MPH)
Sam Voss to third
Pinch Hitting: RHB Eric Camillo 0-0: Ball
1-0: Foul Ball, location: 2F
1-1: Ball
2-1: Foul Ball, location: 2F
2-2: Strikes out swinging
Zack Barton steals 2nd base (no throw)
Batter strikes out.
Batting: RHB Jerry Foster 0-0: Intentional Walk
Batting: RHB Bill Flannery 0-0: Ball
1-0: Ball
2-0: Ball
3-0: Base on Balls
Sam Voss scores
Zack Barton to third
Jerry Foster to second
Batting: RHB Elias Sagrero 0-0: Ball
1-0: Ball
2-0: Foul Ball, location: 2F
2-1: Foul Ball, location: 2F
2-2: Ball
3-2: Fly out, F8 (Line Drive, 8RM, EV 105.0 MPH)
Top of the 10th over - 1 run, 1 hit, 1 error, 3 left on base; Amarillo 4 - Calgary 3
BOTTOM OF THE 10TH
Calgary Flames batting - Pitching for Amarillo ThunderHeads : LHP Pat Mena
Pitching: RHP Nick Ehrlich
Now at 2B: Ron Squires
Now in LF: Jerry Foster
Now in RF: Sam Voss
Pinch Hitting: SHB Isaiah Scates 0-0: Ball
1-0: SINGLE (Groundball, 34S, EV 71.9 MPH) (infield hit)
Batting: RHB Adrian Cook 0-0: Ball
1-0: Foul Ball, location: 2F
1-1: Called Strike
1-2: Fly out, F7 (Flyball, 7, EV 78.8 MPH)
Batting: RHB Eric McMillian 0-0: Ball
Passed Ball!
Isaiah Scates to second
1-0: Ball
2-0: Ground out 5-3 (Groundball, 5L, EV 92.5 MPH)
Batting: LHB Carlos Cuellar 0-0: Called Strike
0-1: Ball
1-1: Swinging Strike
1-2: SINGLE (Groundball, 3D, EV 106.2 MPH)
Isaiah Scates to third
Runner from 3rd tries for Home, throw by RF and OUT! 9-2
Bottom of the 10th over - 0 runs, 2 hits, 0 errors, 1 left on base; Amarillo 4 - Calgary 3
Wednesday, June 22nd , 2022 - OOTP Baseball 23.4 Build 64